 Dungeon Crawl Stone Soup version 0.23-a0-635-g88ca12a (console) character file.

31093 Duffy the Thaumaturge (level 13, 113/113 HPs)
             Began as a Demonspawn Fire Elementalist on Dec 27, 2018.
             Was an Elder of Vehumet.
             Quit the game on level 5 of the Lair of Beasts.
             The game lasted 00:24:22 (22836 turns).

Duffy the Thaumaturge (DsFE)                       Turns: 22836, Time: 00:24:23

Health: 113/113    AC:  5    Str: 15    XL:     13   Next: 24%
Magic:  30/30      EV: 18    Int: 22    God:    Vehumet [****..]
Gold:   1173       SH:  7    Dex: 14    Spells: 16/32 levels left

rFire    + + .     SeeInvis +   T - +1 broad axe (elec)
rCold    + . .     Gourm    .   z - +2 buckler {rF+}
rNeg     + . .     Faith    .   y - +1 leather armour {MR+}
rPois    +         Spirit   +   (helmet restricted)
rElec    .         Reflect  .   d - scarf {rC+ rF+}
rCorr    .         Harm     .   x - +0 pair of gloves
MR       +....                  (no boots)
Stlth    ++........             W - amulet of the acrobat
HPRegen  0.28/turn              Y - ring of see invisible
MPRegen  0.22/turn              I - ring of positive energy

@: mighty, flying
A: horns 1, repulsion field 2, high mp 1, poison resistance, powered by death 1,
robust 1, strong 1, magic shield
a: Renounce Religion


You were on level 5 of the Lair of Beasts.
You worshipped Vehumet.
Vehumet was greatly pleased with you.
You were not hungry.

You visited 3 branches of the dungeon, and saw 17 of its levels.
You also visited: Ossuary and Volcano.

You collected 1173 gold pieces.

Inventory:

Hand Weapons
 O - a +1 dagger of protection
 T - a +1 broad axe of electrocution (weapon)
 U - a +5 blowgun
Missiles
 V - 7 curare-tipped needles
Armour
 d - a scarf of resistance (worn)
 x - a +0 pair of gloves (worn)
 y - a +1 leather armour of magic resistance (worn)
 z - a +2 buckler of fire resistance (worn)
 E - a +2 robe of resistance
Magical Staves
 X - an uncursed staff of death
Jewellery
 D - a +3 ring of strength
 I - a ring of positive energy (right hand)
 W - an amulet of the acrobat (around neck)
 Y - a ring of see invisible (left hand)
Wands
 a - a wand of disintegration (14)
 h - a wand of iceblast (3)
 u - a wand of random effects (14)
 C - a wand of paralysis (7)
 G - a wand of flame (7)
 P - a wand of acid (1)
 Q - a wand of scattershot (2)
 R - a wand of digging (4)
Scrolls
 b - 4 scrolls of enchant armour
 f - a scroll of summoning {unknown}
 g - 5 scrolls of enchant weapon
 j - 2 scrolls of amnesia
 k - 4 scrolls of magic mapping
 l - a scroll of fear {unknown}
 o - 2 scrolls of noise {unknown}
 p - a scroll of blinking
 r - 3 scrolls of fog
 s - 3 scrolls of teleportation
 w - 6 scrolls of remove curse
 H - a scroll of vulnerability {unknown}
 M - a scroll of brand weapon {unknown}
 N - 5 scrolls of immolation
 S - a scroll of random uselessness {unknown}
Potions
 e - 16 potions of curing
 i - 4 potions of resistance
 n - a potion of magic
 q - 4 potions of lignification
 t - 4 potions of haste
 v - 3 potions of heal wounds
 A - 5 potions of brilliance
 B - a potion of agility
 F - 2 potions of berserk rage
 J - 4 potions of ambrosia
 K - a potion of invisibility
 L - a potion of mutation
Comestibles
 c - 16 rations
 Z - 8 chunks of flesh


   Skills:
 - Level 10.0 Fighting
 - Level 6.0 Dodging
 - Level 1.7 Stealth
 - Level 4.5 Shields
 + Level 10.3 Spellcasting
 - Level 9.9 Conjurations
 - Level 9.3 Fire Magic
 - Level 3.3 Earth Magic
 - Level 6.0 Evocations


You had 16 spell levels left.
You knew the following spells:

 Your Spells              Type           Power        Failure   Level  Hunger
a - Flame Tongue          Conj/Fire      #####        1%          1    None
h - Stone Arrow           Conj/Erth      #####.       1%          3    None
j - Sticky Flame          Conj/Fire      ######..     1%          4    ##.....
k - Fireball              Conj/Fire      ######....   1%          5    ####...
l - Conjure Flame         Conj/Fire      ######..     1%          3    None

Your spell library contained the following spells:

 Spells                   Type           Power        Failure   Level  Hunger
 Conjure Ball Lightning   Conj/Air       ####......   34%         6    ######.
 Sandblast                Erth           ####..       1%          1    None
 Throw Flame              Conj/Fire      ######       1%          2    None
 Ignite Poison            Fire/Tmut/Pois ####....     1%          3    None
 Inner Flame              Hex/Fire       ####....     1%          3    None
 Bolt of Magma            Conj/Fire/Erth #####.....   2%          5    ####...
 Passwall                 Tmut/Erth      ###.....     5%          2    None
 Irradiate                Conj/Tmut      ####......   7%          5    ####...
 Iskenderun's Battlesphe  Conj/Chrm      ####....     7%          5    ####...
 Venom Bolt               Conj/Pois      ####......   7%          5    ####...
 Sublimation of Blood     Necr           ##........   11%         2    None
 Lee's Rapid Deconstruct  Erth           ####......   13%         5    ####...
 Iron Shot                Conj/Erth      #####.....   19%         6    ######.
 Orb of Destruction       Conj           ######....   26%         7    #######
 Petrify                  Tmut/Erth      ###.....     34%         4    ##.....
 Spellforged Servitor     Conj/Summ      ####......   86%         7    #######
 Alistair's Intoxication  Tmut/Pois      ##......     89%         5    ####...


Dungeon Overview and Level Annotations

Branches:
Dungeon (11/15)            Temple (1/1) D:5            Lair (5/6) D:11
 Shoals (0/4) Lair:2        Snake (0/4) Lair:3
  Slime: Lair:5-6       Orc: D:9-12

Altars:
Ashenzari
Cheibriados
Dithmenos
Elyvilon
Fedhas
Gozag
Hepliaklqana
Kikubaaqudgha
Makhleb
Nemelex Xobeh
Okawaru
Qazlal
Ru
Sif Muna
Trog
Uskayaw
Vehumet
Wu Jian
Xom
Yredelemnul
Zin
The Shining One

Shops:
D:4 (


Innate Abilities, Weirdness & Mutations

You have a pair of small horns on your head.
You are surrounded by a moderate repulsion field. (EV +3)
You regenerate a little health from kills.
When hurt, damage is shared between your health and your magic reserves.
You have an increased reservoir of magic. (+10% MP)
Your system is resistant to poisons. (rPois)
You are robust. (+10% HP)
Your muscles are strong. (Str +2)


Message History

You see here a wand of disintegration (14).
Could not pick up an item here; shall I ignore it? [Y]es or [N]o only, please.
Could not pick up an item here; shall I ignore it?
Okay, then.
It was a potion of flight.
You feel very buoyant.
You fly up into the air.
It was a potion of might.
You feel very mighty all of a sudden.
a - a wand of disintegration (14)
There are no items here.
A dream sheep comes into view.
The dream sheep bleats!
The dream sheep ruffles its wool and motes of dream dust sparkle, to no effect.
A dream sheep comes into view.
You have no ailments to cure.
Unknown command.
Unknown command.
Are you sure you want to abandon this character and quit the game? (Confirm

#..... Y#..... Y......
+## #..... ###.. .#.....
P#.. ... #...... ..+
#..... #......#.# .....#
# .......@##
#####.....###
.......#.###.##.#.......
............###.P......>
........................
........................
........................
........................
.......P..#..#......#...
.P......#.###.#...#....


You could see 2 dream sheep.

Vanquished Creatures
  Snorg (Lair:4)
  4 hydras
  A two-headed ogre (D:9)
  Erica (Lair:1)
  A hell knight (Volcano)
  Sonja (Lair:3)
  2 ugly things
  A cyclops (D:11)
  5 black mambas
  9 elephants
  Joseph (D:7)
  8 spiny frogs
  A smoke demon (Volcano)
  2 molten gargoyles (Volcano)
  2 komodo dragons
  A merfolk (Lair:2)
  A polar bear (Lair:4)
  2 trolls
  12 blink frogs
  6 hippogriffs
  Sigmund (D:6)
  2 wraiths (D:11)
  Eustachio (D:6)
  2 fire bats (Volcano)
  A wyvern (Lair:5)
  6 yaks (Lair:3)
  A basilisk (Lair:3)
  4 hungry ghosts
  2 nagas (Lair:3)
  3 hell hounds (Volcano)
  2 water moccasins (Lair:1)
  10 porcupines
  3 orc warriors
  5 black bears
  An eye of draining (D:11)
  2 ice beasts
  6 sky beasts
  2 ogres
  6 wolves (Lair:3)
  4 crocodiles
  3 centaurs
  A big kobold (D:7)
  Blork the orc (D:6)
  14 bullfrogs
  A water moccasin zombie (D:9)
  3 scorpions
  7 howler monkeys
  4 killer bees (D:10)
  An electric eel (Lair:4)
  3 crimson imps
  2 centaur zombies
  11 hounds
  5 lava snakes (Volcano)
  2 bullfrog skeletons
  2 bullfrog zombies
  A centaur skeleton (D:6)
  4 jellies
  8 orc priests
  Crazy Yiuf (D:2)
  Terence (D:2)
  2 iguanas
  9 orc wizards
  9 worker ants
  2 big kobold zombies (Ossuary)
  2 hound zombies
  8 mummies (Ossuary)
  15 adders
  7 gnolls
  3 shadow imps
  2 oozes
  An adder zombie (D:9)
  A worm (D:2)
  A dart slug (D:3)
  5 leopard geckos
  33 orcs
  A bat skeleton (D:2)
  13 giant cockroaches
  6 goblins
  7 hobgoblins
  7 jackals
  3 quokkas
  2 ball pythons
  5 bats
  5 frilled lizards
  A gnoll zombie (Ossuary)
  3 hobgoblin zombies (Ossuary)
  A jackal skeleton (D:6)
  A jackal zombie (D:6)
  13 kobolds
  A kobold zombie (Ossuary)
  An orc zombie (Ossuary)
  3 quokka skeletons
  2 quokka zombies
  8 rats
  2 fungi (D:11)
386 creatures vanquished.

Vanquished Creatures (others)
  38 fungi
  9 plants (D:11)
47 creatures vanquished.

Grand Total: 433 creatures vanquished

Notes
Turn   | Place    | Note
-------+----------+-------------------------------------------
     0 | D:1      | Duffy the Demonspawn Fire Elementalist began the quest for
                  | the Orb.
     0 | D:1      | Reached XP level 1. HP: 13/13 MP: 3/3
    91 | D:1      | Gained mutation: You regenerate a little health from kills.
                  | [demonic ancestry]
    91 | D:1      | Reached XP level 2. HP: 19/19 MP: 0/5
   311 | D:2      | Noticed a bullfrog
   501 | D:2      | Reached XP level 3. HP: 24/24 MP: 4/6
   506 | D:2      | Learned a level 3 spell: Conjure Flame
   680 | D:2      | Killed a bullfrog
   680 | D:2      | Reached XP level 4. HP: 6/30 MP: 0/8
   687 | D:2      | Learned a level 4 spell: Sticky Flame
  1289 | D:2      | Reached XP level 5. HP: 22/35 MP: 0/9
  1674 | D:5      | Entered Level 5 of the Dungeon
  2295 | D:6      | Gained mutation: You are surrounded by a mild repulsion
                  | field. (EV +2) [demonic ancestry]
  2295 | D:6      | Reached XP level 6. HP: 38/41 MP: 3/11
  2480 | D:5      | Found a staircase to the Ecumenical Temple.
  2489 | Temple   | Entered the Ecumenical Temple
  2737 | Temple   | Became a worshipper of Vehumet
  2978 | D:2      | Learned a level 5 spell: Fireball
  3447 | D:1      | Gained mutation: You have an increased reservoir of magic.
                  | (+10% MP) [potion of mutation]
  3447 | D:1      | Gained mutation: Your mind is acute. (Int +2) [potion of
                  | mutation]
  3447 | D:1      | Gained mutation: You have a pair of small horns on your
                  | head. [potion of mutation]
  3455 | D:1      | Lost mutation: You have a pair of small horns on your head.
                  | [potion of mutation]
  3455 | D:1      | Lost mutation: You have an increased reservoir of magic.
                  | (+10% MP) [potion of mutation]
  3455 | D:1      | Lost mutation: Your mind is acute. (Int +2) [potion of
                  | mutation]
  3455 | D:1      | Gained mutation: You are robust. (+10% HP) [potion of
                  | mutation]
  3455 | D:1      | Gained mutation: Your system is resistant to poisons.
                  | (rPois) [potion of mutation]
  3455 | D:1      | Gained mutation: You have an increased reservoir of magic.
                  | (+10% MP) [potion of mutation]
  3455 | D:1      | Gained mutation: Your muscles are strong. (Str +2) [potion
                  | of mutation]
  4011 | D:2      | Found a runed door.
  4209 | D:2      | Noticed Terence
  4213 | D:2      | Killed Terence
  4300 | D:2      | Noticed Crazy Yiuf
  4305 | D:2      | Killed Crazy Yiuf
  4530 | D:3      | Gained mutation: You are surrounded by a moderate repulsion
                  | field. (EV +3) [demonic ancestry]
  4530 | D:3      | Reached XP level 7. HP: 26/50 MP: 3/15
  4891 | D:3      | Reached * piety under Vehumet
  4891 | D:3      | Offered knowledge of Sting by Vehumet.
  5111 | D:4      | Found Pogruq's Weapon Shoppe.
  6133 | D:6      | Noticed Blork the orc
  6147 | D:6      | Killed Blork the orc
  6147 | D:6      | Reached skill level 5 in Spellcasting
  6147 | D:6      | Reached skill level 5 in Conjurations
  6320 | D:6      | Reached skill level 5 in Fire Magic
  6504 | D:6      | Reached XP level 8. HP: 57/57 MP: 10/17
  6703 | D:6      | Found a stormy altar of Qazlal.
  6856 | D:6      | Noticed Eustachio
  6866 | D:6      | Killed Eustachio
  7086 | D:6      | Noticed Sigmund
  7096 | D:6      | Killed Sigmund
  7465 | D:7      | Offered knowledge of Sandblast by Vehumet.
  7515 | D:7      | Found a sand-covered staircase.
  7519 | Ossuary  | Entered an ossuary
  7527 | Ossuary  | Reached ** piety under Vehumet
  8171 | D:7      | Reached skill level 1 in Fighting
  8171 | D:7      | Gained mutation: When hurt, damage is shared between your
                  | health and your magic reserves. [demonic ancestry]
  8171 | D:7      | Reached XP level 9. HP: 61/64 MP: 13/20
  8632 | D:7      | Offered knowledge of Throw Frost by Vehumet.
  8909 | D:7      | Noticed Joseph
  8919 | D:7      | Killed Joseph
  8919 | D:7      | Reached skill level 5 in Fighting
  9378 | D:8      | Reached skill level 1 in Evocations
  9714 | D:8      | Reached *** piety under Vehumet
  9857 | D:8      | Found a hazy altar of Hepliaklqana.
 10009 | D:8      | Offered knowledge of Force Lance by Vehumet.
 10460 | D:9      | Gained mutation: You have a pair of small horns on your
                  | head. [demonic ancestry]
 10460 | D:9      | Reached XP level 10. HP: 76/86 MP: 11/21
 10764 | D:9      | Noticed a two-headed ogre
 10773 | D:9      | Killed a two-headed ogre
 11595 | D:10     | Entered Level 10 of the Dungeon
 11599 | D:10     | Reached **** piety under Vehumet
 11841 | D:10     | Offered knowledge of Iskenderun's Mystic Blast by Vehumet.
 12297 | D:10     | Reached skill level 5 in Evocations
 12413 | D:10     | Reached skill level 5 in Dodging
 12651 | D:10     | Noticed a white ugly thing
 12657 | D:10     | Killed a white ugly thing
 13357 | D:11     | Found a staircase to the Lair.
 13411 | D:11     | Reached XP level 11. HP: 80/97 MP: 7/22
 14365 | D:11     | Reached ***** piety under Vehumet
 14365 | D:11     | Reached skill level 10 in Fighting
 14914 | Lair:1   | Entered Level 1 of the Lair of Beasts
 14919 | Lair:1   | Learned a level 3 spell: Stone Arrow
 14926 | Lair:1   | Noticed a five-headed hydra
 14931 | Lair:1   | Killed a five-headed hydra
 14931 | Lair:1   | Reached skill level 1 in Earth Magic
 14958 | Lair:1   | Found a dark tunnel.
 14997 | Volcano  | Entered a volcano
 15585 | Volcano  | Found a radiant altar of Vehumet.
 15590 | Volcano  | Offered knowledge of Conjure Ball Lightning by Vehumet.
 15669 | Volcano  | Noticed a red ugly thing
 15674 | Volcano  | Killed a red ugly thing
 15954 | Volcano  | Noticed a hell knight
 15960 | Volcano  | Killed a hell knight
 16564 | Lair:1   | Noticed a four-headed hydra
 16581 | Lair:1   | Killed a four-headed hydra
 16792 | Lair:1   | Noticed Erica
 16801 | Lair:1   | Killed Erica
 17096 | Lair:1   | Reached XP level 12. HP: 106/106 MP: 10/26
 17248 | Lair:1   | Found an iron altar of Okawaru.
 18357 | Lair:2   | Found a staircase to the Shoals.
 19120 | Lair:3   | Noticed Sonja
 19126 | Lair:3   | Killed Sonja
 19192 | Lair:3   | Found a staircase to the Snake Pit.
 19859 | Lair:3   | Noticed a seven-headed hydra
 19869 | Lair:3   | Killed a seven-headed hydra
 20429 | Lair:3   | Noticed a seven-headed hydra
 20442 | Lair:3   | Killed a seven-headed hydra
 21006 | Lair:3   | Reached XP level 13. HP: 113/113 MP: 10/29
 21559 | Lair:4   | Noticed Snorg
 21570 | Lair:4   | Killed Snorg
 21834 | Lair:4   | Reached skill level 10 in Spellcasting
 22836 | Lair:5   | Quit the game

Vault maps used:
D:1:      wheals_arrival_linesprint, hangedman_decor_slide_cut,
          roderic_lattice_a, grunt_decor_resistance,
          chequers_serial_rivers_micro_e
D:2:      minmay_octomino_c4, uniq_crazy_yiuf_cottage, uniq_terence
D:3:      first_ration, minmay_misc_feat_rows, minmay_misc_feat_chi
D:4:      serial_shops, shop
D:5:      temple_pool_b
D:6:      basic_altar, uniq_sigmund, uniq_blork_the_orc, uniq_eustachio
D:7:      enter_ossuary_5, uniq_joseph
D:8:      lemuel_crystal_altar
D:11:     due_lair_maze_entry_diamond
Temple:   nicolae_temple_the_god_donut
Lair:1:   nicolae_volcano_entry_s_turn, basic_altar, uniq_erica
Lair:2:   elwin_shoals_entry_rooms, lemuel_fruit_fields
Lair:3:   beast_lair_carwin_large_3, guppyfry_snake_entry_garden, uniq_sonja
Lair:4:   serial_bayou_pond_e, uniq_snorg
Lair:5:   grunt_megastairs_3
Ossuary:  ossuary_tomb_3
Volcano:  volcano_lake

Skill      XL: |  1  2  3  4  5  6  7  8  9 10 11 12 13 |
---------------+----------------------------------------+-----
Conjurations   | 2 3 4 5 6 7 9 |  9.9
Fire Magic     | 3 4 5 6 9 |  9.3
Spellcasting   | 3 4 5 6 7 9 10 | 10.3
Fighting       | 1 7 9 10 | 10.0
Evocations     | 4 5 6 |  6.0
Dodging        | 5 6 |  6.0
Earth Magic    | 3 |  3.3
Shields        | 4 |  4.5
Stealth        | |  1.7

Action                   |  1- 3 |  4- 6 |  7- 9 | 10-12 | 13-15 || total
-------------------------+-------+-------+-------+-------+-------++-------
Melee: Club              |     1 |     3 |     7 |       |       ||    11
       Dagger            |       |       |     1 |    10 |       ||    11
       Broad axe         |       |       |       |     6 |     2 ||     8
       Headbutt          |       |       |       |     1 |     1 ||     2
 Cast: Flame Tongue      |    32 |   135 |   297 |   269 |       ||   733
       Sticky Flame      |       |     3 |    29 |    59 |    13 ||   104
       Conjure Flame     |       |     1 |     5 |    15 |     2 ||    23
       Fireball          |       |       |       |    21 |     2 ||    23
       Stone Arrow       |       |       |       |   140 |    49 ||   189
Evoke: Wand              |       |       |     7 |    26 |       ||    33
  Use: Scroll            |       |     2 |    12 |     7 |       ||    21
       Potion            |       |     3 |       |       |     2 ||     5
 Stab: Paralysed         |       |       |       |     6 |       ||     6
  Eat: Chunk             |       |    12 |    14 |    23 |     6 ||    55
       Ration            |       |       |     3 |     5 |     1 ||     9
Armor: Robe              |     3 |    12 |       |       |       ||    15
       Leather armour    |       |       |    28 |    29 |    11 ||    68
Dodge: Dodged            |     6 |    45 |   118 |   209 |    59 ||   437
Block: Buckler           |       |       |       |    27 |    24 ||    51

Table legend:
 A = Non-vault XP
 B = Vault XP
 C = Vault XP percentage of total XP
 D = Non-vault monster count
 E = Vault monster count
 F = Vault count percentage of total count
                 A         B        C        D         E       F
            +---------+---------+-------+---------+---------+-------
      Total |   33421 |   10998 |  24.8 |     311 |      73 |  19.0
            +---------+---------+-------+---------+---------+-------
        D:1 |      38 |       0 |   0.0 |      16 |       0 |   0.0
        D:2 |     162 |      96 |  37.2 |      19 |       9 |  32.1
        D:3 |      98 |       0 |   0.0 |      25 |       0 |   0.0
        D:4 |      35 |       0 |   0.0 |       5 |       0 |   0.0
        D:5 |     337 |       0 |   0.0 |      18 |       0 |   0.0
        D:6 |    1063 |     525 |  33.1 |      28 |       3 |   9.7
        D:7 |     979 |     450 |  31.5 |      32 |       1 |   3.0
        D:8 |    1460 |       0 |   0.0 |      22 |       0 |   0.0
        D:9 |    2338 |       0 |   0.0 |      29 |       0 |   0.0
       D:10 |    2557 |     265 |   9.4 |      29 |       2 |   6.5
       D:11 |    2124 |    1145 |  35.0 |      21 |       9 |  30.0
     Lair:1 |    4127 |     912 |  18.1 |      12 |       1 |   7.7
     Lair:2 |    3005 |     293 |   8.9 |      12 |       1 |   7.7
     Lair:3 |    9940 |    2018 |  16.9 |      26 |      13 |  33.3
     Lair:4 |    4659 |    1101 |  19.1 |      14 |       1 |   6.7
     Lair:5 |     499 |     307 |  38.1 |       3 |       2 |  40.0
    Ossuary |       0 |     202 | 100.0 |       0 |      16 | 100.0
    Volcano |       0 |    3684 | 100.0 |       0 |      15 | 100.0
            +---------+---------+-------+---------+---------+-------
